PIO (24 & UNDER)
SURREY SINNERS @ SEATTLE RAINIERS
05/12/2030
 
TOP OF THE 1ST
Surrey Sinners batting - Pitching for Seattle Rainiers : RHP Marcos Medina
Pitching: RHP Marcos Medina
Batting: LHB Ugo Béland 0-0: Foul Ball, location: 2F
0-1: Ball
1-1: Swinging Strike
1-2: Ball
2-2: Fly out, F7 (Flyball, 7S)
Batting: LHB Robert Mann 0-0: Fly out, F8 (Flyball, 8RS)
Batting: LHB Pedro Fernández 0-0: Ball
1-0: Ball
2-0: Ball
3-0: Called Strike
3-1: SINGLE (Groundball, 25) (infield hit)
Batting: LHB Joe Spears 0-0: Called Strike
Pedro Fernández steals 2nd base
0-1: Called Strike
0-2: Strikes out looking
Top of the 1st over - 0 runs, 1 hit, 0 errors, 1 left on base; Surrey 0 - Seattle 0
BOTTOM OF THE 1ST
Seattle Rainiers batting - Pitching for Surrey Sinners : RHP Tim Hernández
Pitching: RHP Tim Hernández
Batting: LHB Pedro Camacho 0-0: Called Strike
0-1: Swinging Strike
0-2: Ball
1-2: Foul Ball, location: 2F
1-2: Foul Ball, location: 2F
1-2: Ground out 4-3 (Groundball, 4)
Batting: LHB Cisco Villanueva 0-0: Ground out U3 (Groundball, 3)
Batting: RHB Enrique Soto 0-0: Ball
1-0: Foul Ball, location: 2F
1-1: Ground out 6-3 (Groundball, 6)
Bottom of the 1st over - 0 runs, 0 hits, 0 errors, 0 left on base; Surrey 0 - Seattle 0
TOP OF THE 2ND
Surrey Sinners batting - Pitching for Seattle Rainiers : RHP Marcos Medina
Batting: RHB Dennis House 0-0: Ball
1-0: Ball
2-0: Foul Ball, location: 2F
2-1: Ball
3-1: SINGLE (Flyball, 9LS) - OUT at second base trying to stretch hit.
Batting: RHB Jake Townsend 0-0: Called Strike
0-1: Ball
1-1: Foul Ball, location: 2F
1-2: Ball
2-2: Ground out 5-3 (Groundball, 56S)
Batting: RHB Don Jackson 0-0: Bunt for hit - play at first, batter OUT! 1-3
Top of the 2nd over - 0 runs, 1 hit, 0 errors, 0 left on base; Surrey 0 - Seattle 0
BOTTOM OF THE 2ND
Seattle Rainiers batting - Pitching for Surrey Sinners : RHP Tim Hernández
Batting: RHB Jesús Ortíz 0-0: SINGLE (Groundball, 4MD)
Batting: RHB Roberto Valentín 0-0: SINGLE (Line Drive, 7S)
Jesús Ortíz to second
Runner from 2nd tries for 3rd, SAFE, no throw
Batting: RHB Jeff Lawrence 0-0: Ball
1-0: Grounds into double play, 6-4-3 (Groundball, 6)
Jesús Ortíz scores
Batting: SHB Troy Holland 0-0: DOUBLE (Flyball, 8RD)
Batting: RHB Cal Cox 0-0: Swinging Strike
0-1: SINGLE (Groundball, 56D)
Troy Holland to third
Runner from 3rd tries for Home, SAFE, no throw
Batting: SHB Javier Contreras 0-0: Called Strike
0-1: Ball
1-1: Foul Ball, location: 2F
1-2: Ball
Cal Cox is caught stealing 2nd base
Bottom of the 2nd over - 2 runs, 4 hits, 0 errors, 0 left on base; Surrey 0 - Seattle 2
TOP OF THE 3RD
Surrey Sinners batting - Pitching for Seattle Rainiers : RHP Marcos Medina
Batting: RHB Jeff Buck 0-0: Fly out, F8 (Flyball, 8LXD)
Batting: RHB Jake Osborn 0-0: Foul Ball, location: 2F
0-1: Foul Ball, location: 2F
0-2: Foul Ball, location: 2F
0-2: Strikes out swinging
Batting: LHB Ugo Béland 0-0: Swinging Strike
0-1: Swinging Strike
0-2: Fly out, F8 (Line Drive, 8RXD)
Top of the 3rd over - 0 runs, 0 hits, 0 errors, 0 left on base; Surrey 0 - Seattle 2
BOTTOM OF THE 3RD
Seattle Rainiers batting - Pitching for Surrey Sinners : RHP Tim Hernández
Batting: SHB Javier Contreras 0-0: Called Strike
0-1: Fly out, F9 (Flyball, 9LS)
Batting: LHB Pedro Camacho 0-0: Ball
1-0: Called Strike
1-1: Ball
2-1: Ball
3-1: Base on Balls
Batting: LHB Cisco Villanueva 0-0: Ball
Pedro Camacho steals 2nd base
1-0: Ball
2-0: Foul Ball, location: 2F
2-1: Swinging Strike
2-2: Foul Ball, location: 2F
2-2: Strikes out swinging
Batting: RHB Enrique Soto 0-0: Swinging Strike
0-1: Fly out, F7 (Flyball, 7)
Bottom of the 3rd over - 0 runs, 0 hits, 0 errors, 1 left on base; Surrey 0 - Seattle 2
TOP OF THE 4TH
Surrey Sinners batting - Pitching for Seattle Rainiers : RHP Marcos Medina
Batting: LHB Robert Mann 0-0: Ball
1-0: Ball
2-0: Ball
3-0: Base on Balls
Batting: LHB Pedro Fernández 0-0: Fielders Choice at 2nd, 4-6 (Groundball, 4)
Batting: LHB Joe Spears 0-0: Ball
1-0: Ball
2-0: Fly out, F8 (Flyball, 8RD)
Batting: RHB Dennis House 0-0: Swinging Strike
0-1: Ball
1-1: Ball
2-1: Fly out, F6 (Popup, 6M)
Top of the 4th over - 0 runs, 0 hits, 0 errors, 1 left on base; Surrey 0 - Seattle 2
BOTTOM OF THE 4TH
Seattle Rainiers batting - Pitching for Surrey Sinners : RHP Tim Hernández
Batting: RHB Jesús Ortíz 0-0: Called Strike
0-1: Called Strike
0-2: Ball
1-2: Foul Ball, location: 2F
1-2: Fly out, F9 (Flyball, 9LS)
Batting: RHB Roberto Valentín 0-0: Ball
1-0: Called Strike
1-1: Foul Ball, location: 2F
1-2: Foul Ball, location: 2F
1-2: Foul Ball, location: 2F
1-2: Ground out 6-3 (Groundball, 56)
Batting: RHB Jeff Lawrence 0-0: Called Strike
0-1: Ball
1-1: DOUBLE (Line Drive, 3D)
Batting: SHB Troy Holland 0-0: Ball
1-0: Ball
2-0: Ball
3-0: Base on Balls
Batting: RHB Cal Cox 0-0: Called Strike
0-1: Ball
1-1: Foul Ball, location: 2F
1-2: Foul Ball, location: 2F
1-2: 3-RUN HOME RUN (Flyball, 78XD), Distance : 416 ft
Batting: SHB Javier Contreras 0-0: Ball
1-0: Swinging Strike
1-1: Ball
2-1: Ball
3-1: Called Strike
3-2: Strikes out swinging
Bottom of the 4th over - 3 runs, 2 hits, 0 errors, 0 left on base; Surrey 0 - Seattle 5
TOP OF THE 5TH
Surrey Sinners batting - Pitching for Seattle Rainiers : RHP Marcos Medina
Batting: RHB Jake Townsend 0-0: Called Strike
0-1: Foul Ball, location: 2F
0-2: Foul Ball, location: 2F
0-2: Strikes out swinging
Batting: RHB Don Jackson 0-0: Called Strike
0-1: Foul Ball, location: 2F
0-2: Foul Ball, location: 2F
0-2: Foul Ball, location: 2F
0-2: Ball
1-2: Foul Ball, location: 2F
1-2: Foul Ball, location: 2F
1-2: Ball
2-2: SINGLE (Groundball, 4D)
Batting: RHB Jeff Buck 0-0: Ball
1-0: Foul Ball, location: 2F
1-1: Ball
2-1: Swinging Strike
2-2: Strikes out swinging
Batting: RHB Jake Osborn 0-0: Ball
1-0: Ball
2-0: Fly out, F7 (Flyball, 7LSF)
Top of the 5th over - 0 runs, 1 hit, 0 errors, 1 left on base; Surrey 0 - Seattle 5
BOTTOM OF THE 5TH
Seattle Rainiers batting - Pitching for Surrey Sinners : RHP Tim Hernández
Batting: LHB Pedro Camacho 0-0: Ground out 4-3 (Groundball, 4)
Batting: LHB Cisco Villanueva 0-0: Ball
1-0: Ball
2-0: SINGLE (Flyball, 7S)
Pitching: RHP Manuel Colón
Batting: RHB Enrique Soto 0-0: Called Strike
0-1: Foul Ball, location: 2F
0-2: Fly out, F3 (Popup, 3L)
Batting: RHB Jesús Ortíz 0-0: Called Strike
Cisco Villanueva steals 2nd base
0-1: Swinging Strike
0-2: Strikes out swinging
Bottom of the 5th over - 0 runs, 1 hit, 0 errors, 1 left on base; Surrey 0 - Seattle 5
TOP OF THE 6TH
Surrey Sinners batting - Pitching for Seattle Rainiers : RHP Marcos Medina
Batting: LHB Ugo Béland 0-0: Ball
1-0: Ball
2-0: Ball
3-0: Called Strike
3-1: Base on Balls
Batting: LHB Robert Mann 0-0: Called Strike
0-1: Ball
1-1: Ball
2-1: Ball
3-1: Called Strike
3-2: Base on Balls
Ugo Béland to second
Batting: LHB Pedro Fernández 0-0: Called Strike
0-1: Ball
1-1: Called Strike
Ugo Béland is caught stealing 3rd base
1-2: Ball
2-2: Fly out, F6 (Flyball, 56D)
Batting: LHB Joe Spears 0-0: Ball
1-0: Foul Ball, location: 2F
1-1: Ball
2-1: Ground out 5-3 (Groundball, 5S)
Top of the 6th over - 0 runs, 0 hits, 0 errors, 1 left on base; Surrey 0 - Seattle 5
BOTTOM OF THE 6TH
Seattle Rainiers batting - Pitching for Surrey Sinners : RHP Manuel Colón
Batting: RHB Roberto Valentín 0-0: Called Strike
0-1: Ball
1-1: Ball
2-1: SINGLE (Groundball, 6MD)
Batting: RHB Jeff Lawrence 0-0: Ball
1-0: Foul Ball, location: 2F
1-1: Swinging Strike
1-2: Ball
2-2: Ball
3-2: Foul Ball, location: 2F
3-2: Foul Ball, location: 2F
3-2: Base on Balls
Roberto Valentín to second
Batting: SHB Troy Holland 0-0: Ball
1-0: Called Strike
1-1: Called Strike
1-2: Foul Ball, location: 2F
1-2: Fly out, F9 (Flyball, 9LM)
Batting: RHB Cal Cox 0-0: Ball
1-0: Ball
2-0: Ball
3-0: Base on Balls
Roberto Valentín to third
Jeff Lawrence to second
Batting: SHB Javier Contreras 0-0: Ball
1-0: Foul Ball, location: 2F
1-1: Swinging Strike
1-2: Strikes out swinging
Batting: LHB Pedro Camacho 0-0: Ball
1-0: Ball
2-0: Ground out 4-3 (Groundball, 4)
Bottom of the 6th over - 0 runs, 1 hit, 0 errors, 3 left on base; Surrey 0 - Seattle 5
TOP OF THE 7TH
Surrey Sinners batting - Pitching for Seattle Rainiers : RHP Marcos Medina
Batting: RHB Dennis House 0-0: Swinging Strike
0-1: Ball
1-1: Called Strike
1-2: Ground out 5-3 (Groundball, 56)
Batting: RHB Jake Townsend 0-0: Ball
1-0: Called Strike
1-1: Swinging Strike
1-2: Strikes out swinging
Batting: RHB Don Jackson 0-0: Ground out 5-3 (Groundball, 56S)
Top of the 7th over - 0 runs, 0 hits, 0 errors, 0 left on base; Surrey 0 - Seattle 5
BOTTOM OF THE 7TH
Seattle Rainiers batting - Pitching for Surrey Sinners : RHP Manuel Colón
Batting: LHB Cisco Villanueva 0-0: Ball
1-0: Called Strike
1-1: Swinging Strike
1-2: Ball
2-2: Foul Ball, location: 2F
2-2: Strikes out swinging
Batting: RHB Enrique Soto 0-0: Foul Ball, location: 2F
0-1: Fly out, F5 (Flyball, 5D)
Batting: RHB Jesús Ortíz 0-0: Ball
1-0: Called Strike
1-1: Ball
2-1: Ground out 5-3 (Groundball, 56S)
Bottom of the 7th over - 0 runs, 0 hits, 0 errors, 0 left on base; Surrey 0 - Seattle 5
TOP OF THE 8TH
Surrey Sinners batting - Pitching for Seattle Rainiers : RHP Marcos Medina
Now at 1B: Dwight Hill
Batting: RHB Jeff Buck 0-0: Ball
1-0: Called Strike
1-1: Ball
2-1: Fly out, F8 (Flyball, 89M)
Pitching: LHP Nick Thornton
Batting: RHB Jake Osborn 0-0: Called Strike
0-1: Called Strike
0-2: Foul Ball, location: 2F
0-2: Ground out 4-3 (Groundball, 4M)
Batting: LHB Ugo Béland 0-0: Swinging Strike
0-1: Swinging Strike
0-2: Ball
1-2: Ball
2-2: Strikes out swinging
Top of the 8th over - 0 runs, 0 hits, 0 errors, 0 left on base; Surrey 0 - Seattle 5
BOTTOM OF THE 8TH
Seattle Rainiers batting - Pitching for Surrey Sinners : RHP Manuel Colón
Batting: RHB Roberto Valentín 0-0: Foul Ball, location: 2F
0-1: Ball
1-1: DOUBLE (Line Drive, 7)
Batting: RHB Jeff Lawrence 0-0: Ball
1-0: Foul Ball, location: 2F
1-1: Swinging Strike
1-2: Strikes out looking
Batting: SHB Troy Holland 0-0: Called Strike
0-1: Called Strike
0-2: Strikes out swinging
Batting: RHB Cal Cox 0-0: Ball
1-0: Ball
2-0: Ball
3-0: Called Strike
3-1: Base on Balls
Batting: SHB Javier Contreras 0-0: Foul Ball, location: 2F
0-1: Foul Ball, location: 2F
0-2: Ball
1-2: Ball
2-2: Strikes out swinging
Bottom of the 8th over - 0 runs, 1 hit, 0 errors, 2 left on base; Surrey 0 - Seattle 5
TOP OF THE 9TH
Surrey Sinners batting - Pitching for Seattle Rainiers : LHP Nick Thornton
Batting: LHB Robert Mann 0-0: Fly out, F7 (Line Drive, 78S)
Batting: LHB Pedro Fernández 0-0: Ball
1-0: Called Strike
1-1: Fly out, F7 (Flyball, 7LM)
Batting: LHB Joe Spears 0-0: SINGLE (Line Drive, 4MD)
Batting: RHB Dennis House 0-0: Called Strike
0-1: Foul Ball, location: 2F
0-2: Ball
1-2: Foul Ball, location: 2F
1-2: Ball
2-2: Foul Ball, location: 2F
2-2: Fly out, F8 (Flyball, 8LM)
Top of the 9th over - 0 runs, 1 hit, 0 errors, 1 left on base; Surrey 0 - Seattle 5
Saturday, April 7th, 2018 - OOTP Baseball 18.8 Build 76